AoeStats
← WinterHaise.x

Golden Pit

508043291Analyzed
1v1 RM · 13d ago on Sep 20, 2026· 33m 19s· 2 players
Game mode
Random Map
Map size
Tiny (2 player)
Population
200
Speed
Normal
Resources
Standard
Victory
Conquest
Starting age
Dark Age
Ending age
Imperial Age
RankedLock teamsTeams togetherTeam positionsShared explorationLock speedFull tech treeHidden civsTurbo modeCheats
Victory
Defeat
🇪🇸 Cumans · Spain
1045
+15
🇩🇴 Byzantines · Dominican Republic
1015
-15
WinterHaise.x
10:36 Feudal Age
8:51 Loom
19:52 Castle Age
19:38 Double-Bit Axe
19:36 Horse Collar
22:54 Forging
22:51 Scale Barding Armor
24:47 Pikeman
tatito
4:41 Loom
12:53 Feudal Age
13:58 Double-Bit Axe
15:16 Town Watch
18:34 Castle Age
18:00 Bloodlines
19:20 Scale Barding Armor
24:36 Bow Saw
24:56 Fletching
26:51 Bodkin Arrow
Connection lost

Rejoining the realm…

Still unreachable

The connection could not be restored.

Session expired

The server has moved on; the page needs a fresh start.